 Dungeon Crawl Stone Soup version 0.32-a0-558-g233958a4c4 (webtiles) character file.

Game seed: 1879286709019890490

184 protoss039 the Digger (level 5, 40/40 HPs)
             Began as a Demonspawn Earth Elementalist on Mar 1, 2024.
             Got out of the dungeon alive.
             The game lasted 00:04:21 (1604 turns).

protoss039 the Digger (DsEE)                        Turns: 1604, Time: 00:04:21

Health: 40/40      AC:  5    Str:  8    XL:     5   Next: 36%
Magic:  9/10       EV: 12    Int: 18    God:
Gold:   109        SH:  0    Dex: 13    Spells: 3/10 levels left

rFire   . . .        d - +0 spear
rCold   . . .        (no shield)
rNeg    . . .        a - +0 robe
rPois   .            m - +1 helmet
rElec   .            (no cloak)
rCorr   .            (no gloves)
SInv    .            (no boots)
Will    .....        x - amulet of regeneration
Stlth   ++           c - +4 ring of slaying
HPRegen 1.06/turn    r - ring of flight
MPRegen 0.12/turn

%: no passive effects
@: flying
A: hooves 1, foul stench 1, powered by pain 1, sharp scales 1
a: no special abilities


You escaped.
You visited 1 branch of the dungeon, and saw 2 of its levels.

You collected 137 gold pieces.
You spent 28 gold pieces at shops.

Inventory:

Hand Weapons
 d - a +0 spear (weapon)
 h - a +0 short sword
Armour
 a - a +0 robe (worn)
 m - a +1 helmet (worn)
Jewellery
 c - a +4 ring of slaying (left hand)
 i - a ring of ice
 r - a ring of flight (right hand)
 x - an amulet of regeneration (around neck)
Wands
 q - a wand of polymorph (8)
Scrolls
 b - a scroll of enchant armour {unknown}
 g - 3 scrolls of identify
 j - a scroll of teleportation {unknown}
 k - a scroll of butterflies {unknown}
 l - 2 scrolls of noise {unknown}
 n - 2 scrolls of enchant weapon {unknown}
 o - a scroll of amnesia {unknown}
 p - a scroll of brand weapon {unknown}
 u - a scroll of poison {unknown}
Potions
 e - 2 potions of curing {unknown}
 f - a potion of resistance {unknown}
 s - 2 potions of attraction {unknown}
 t - a potion of degeneration {unknown}
 v - a potion of lignification {unknown}
 w - a potion of heal wounds {unknown}
 z - 2 potions of invisibility {unknown}


   Skills:
 + Level 2.8 Fighting
 - Level 1.7 Dodging
 - Level 1.7 Stealth
 + Level 3.3 Spellcasting
 - Level 1.0 Conjurations
 + Level 3.9 Earth Magic


You had 3 spell levels left.
You knew the following spells:

 Your Spells              Type           Power      Damage    Failure   Level
a - Sandblast             Erth           34%        2d9       3%          1
b - Passwall              Erth           17%        N/A       10%         3
c - Stone Arrow           Conj/Erth      22%        3d8       17%         3

Your spell library contained the following spells:

 Spells                   Type           Power      Damage    Failure   Level
 Brom's Barrelling Bould  Conj/Erth      11%        2d3       50%         4
 Petrify                  Alch/Erth      10%        N/A       56%         4


Dungeon Overview and Level Annotations

Branches:
Dungeon (2/15) Zot: 10364

Altars:

Shops:
D:1 ?


Innate Abilities, Weirdness & Mutations

You have large cloven feet.
You may rarely emit foul miasma when damaged in melee.
You sometimes gain a little power by taking damage.
You are partially covered in razor-sharp scales. (AC +1, Slay +1)


Message History

You hit the orc but do no damage.
The orc is severely wounded.
The orc completely misses you.
The orc hits you from afar with a +0 trident.
Unknown command.
You barely miss the orc. You kick the orc, but do no damage.
The orc is severely wounded.
The orc barely misses you. The orc closely misses you.
Unknown command.
You hit the orc but do no damage.
The orc is severely wounded.
The orc closely misses you.
The orc hits you from afar with a +0 trident.
The orc barely misses you. x2
Unknown command.
You puncture the orc!
You kill the orc!
The orc throws a boomerang.
The boomerang hits you.
Unknown command.
You reach to attack!
You barely miss the orc.
The orc throws a boomerang.
The boomerang misses you.
You reach to attack!
You closely miss the orc. The orc closely misses you.
You reach to attack!
You hit the orc.
The orc is severely wounded.
The orc hits you but does no damage.
You reach to attack!
You hit the orc.
You kill the orc!
No target in view!
No target in view!
Unknown command.
You now have enough gold to buy a scroll of blinking on D:1.
You can access your shopping list by pressing '$'.
You now have 109 gold pieces (gained 18).
Items here: ( )) [.
HP restored.
There is a stone staircase leading up here.
You fly upwards.
There is a stone staircase leading down here.
There is a staircase leading out of the dungeon here.
You have escaped!

..##..#.#.#...........#.#.#
..#...#.##.....#.#.....##.#
..#.#.#.#......#.#......#.#
#...#.#.#......#.#......#.#
#.###.#.#....#.#.#.#....#.#
#.###.#.#...##.#.#.##...#.#
#.....#.#.....⌠#.#⌠.....#.#
.>#.....#..#####.#####..#.#
#.#.............@.........#
#.#)....#..#####.#####..###
#.#.....#..÷..⌠#.#⌠.....#
#.#.....#...##.#.#.##...#
#.#.....#....#.#.#.#....#
#.#.....#......#.#.....[#
#.......#...÷..#.#......#
###....###.....#.#.....##
#....##.#.....[.....#.#


There were no monsters in sight!

Vanquished Creatures
  Natasha (thrice) (D:2)
  A gnoll (D:1)
  4 adders (D:2)
  2 dart slugs
  5 orcs (D:2)
  2 bats (D:2)
  An endoplasm (D:1)
  A giant cockroach (D:1)
  5 goblins
  5 hobgoblins
  6 jackals (D:1)
  7 kobolds
  2 quokkas
  3 ball pythons
  2 frilled lizards
  4 rats (D:1)
53 creatures vanquished.

Notes
Turn   | Place    | Note
-------+----------+-------------------------------------------
     0 | D:1      | protoss039 the Demonspawn Earth Elementalist began the
                  | quest for the Orb.
     0 | D:1      | Reached XP level 1. HP: 13/13 MP: 3/3
   142 | D:1      | Gained mutation: You have large cloven feet. [demonic
                  | ancestry]
   142 | D:1      | Reached XP level 2. HP: 8/20 MP: 0/5
   367 | D:1      | Reached skill level 1 in Fighting
   519 | D:1      | Gained mutation: You may rarely emit foul miasma when
                  | damaged in melee. [demonic ancestry]
   519 | D:1      | Reached XP level 3. HP: 21/26 MP: 3/6
   841 | D:1      | Found Kumpi's Magic Scroll Emporium.
   852 | D:1      | Bought a scroll of identify for 28 gold pieces
  1028 | D:1      | Learned a level 3 spell: Passwall
  1032 | D:1      | Learned a level 3 spell: Stone Arrow
  1087 | D:2      | Noticed Natasha
  1093 | D:2      | Killed Natasha
  1094 | D:2      | Gained mutation: You are partially covered in razor-sharp
                  | scales. (AC +1, Slay +1) [demonic ancestry]
  1094 | D:2      | Reached XP level 4. HP: 20/33 MP: 8/8
  1216 | D:2      | Noticed Natasha
  1248 | D:2      | Killed Natasha
  1261 | D:2      | Noticed Natasha
  1264 | D:2      | Killed Natasha
  1270 | D:2      | Gained mutation: You sometimes gain a little power by
                  | taking damage. [demonic ancestry]
  1270 | D:2      | Reached XP level 5. HP: 39/39 MP: 9/9
  1604 | D:$      | Got out of the dungeon alive.

Illustrated notes

Levels and vault maps discovered:
D:1:      matt_arrival_grand_opening, layout_basic, serial_shops, shop_scrolls
D:2:      layout_rooms, uniq_natasha

Skill      XL: |  1  2  3  4 |
---------------+-------------+-----
Fighting       | 1 2 |  2.8
Earth Magic    | 3 |  3.9
Spellcasting   | 3 |  3.3
Dodging        | |  1.7
Stealth        | |  1.7
Conjurations   | |  1.0

Action                     |  1- 3 |  4- 6 || total
---------------------------+-------+-------++-------
  Melee: Unarmed           |     2 |    10 ||    12
         Whip              |    14 |       ||    14
         Kick              |    15 |     7 ||    22
         Short sword       |     6 |       ||     6
         Spear             |    29 |    46 ||    75
   Cast: Sandblast         |    21 |    12 ||    33
    Use: Potion            |     1 |       ||     1
   Stab: Sleeping          |     4 |       ||     4
 Armour: Robe              |    36 |    31 ||    67
         Skin              |       |     2 ||     2
  Dodge: Dodged            |    52 |    52 ||   104

Table legend: (Time is in decaauts)
 A = Elapsed time spent in this place.
 B = Non-inter-level travel time spent in this place.
 C = Inter-level travel time spent in this place.
 D = Time resting spent in this place.
 E = Time spent auto-exploring this place.
 F = Levels seen in this place.
 G = Mean time per level.
                   A        B        C        D        E       F      G
               +--------+--------+--------+--------+--------+-----+--------+
         Total |   1636 |   1528 |    108 |     65 |   1044 |   2 |  818.0 |
       Dungeon |   1636 |   1528 |    108 |     65 |   1044 |   2 |  818.0 |
               +--------+--------+--------+--------+--------+-----+--------+

Top non-repeatable levels by time:
     D:1: 1060 daAuts
     D:2: 575 daAuts
